 Dungeon Crawl Stone Soup version 0.29.1-1-gd02db6906a (webtiles) character file.

Game seed: 12017046932670621601

687 safid the Skirmisher (level 7, -2/85 HPs)
             Began as a Minotaur Hunter on Oct 13, 2022.
             Was a Follower of Okawaru.
             Killed from afar by a white imp (6 damage)
             ... with a puff of frost
             ... on level 5 of the Dungeon.
             The game lasted 00:05:16 (4771 turns).

safid the Skirmisher (Minotaur Hunter)              Turns: 4771, Time: 00:05:17

Health: -2/85      AC:  3    Str: 20    XL:     7   Next: 35%
Magic:  6/6        EV: 12    Int: 12    God:    Okawaru [*.....]
Gold:   157        SH:  0    Dex: 16    Spells: 6/6 levels left

rFire   . . .      SeeInvis .   a - +0 shortbow
rCold   . . .      Faith    .   (shield currently unavailable)
rNeg    + . .      Spirit   .   c - +0 leather armour
rPois   .          Reflect  .   (helmet restricted)
rElec   .          Harm     .   (no cloak)
rCorr   .          Rampage  .   (no gloves)
Will    .....                   (no boots)
Stlth   ..........              (no amulet)
HPRegen 0.24/turn               p - ring of Ashenzari, Inviting {rN+ Str+5 Int+6}
MPRegen 0.10/turn               (no ring)

@: brilliant, berserking, very quick
A: horns 2, retaliatory headbutt
a: Renounce Religion, Heroism


You were on level 5 of the Dungeon.
You worshipped Okawaru.
Okawaru was aware of your devotion.
You visited 1 branch of the dungeon, and saw 5 of its levels.
You also visited: Sewer.

You collected 337 gold pieces.
You spent 180 gold pieces at shops.

Inventory:

Hand Weapons
 a - a +0 shortbow (weapon)
Missiles
 x - a throwing net
Armour
 c - a +0 leather armour (worn)
Jewellery
 p - the ring of Ashenzari, Inviting (left hand) {rN+ Str+5 Int+6}
   (You found it on level 3 of the Dungeon)

   [ring of intelligence]

   Str:       It affects your strength (+5).
   Int:       It affects your intelligence (+6).
   rN:        It protects you from negative energy.
Scrolls
 b - 2 scrolls of immolation
 d - 3 scrolls of identify
 f - a scroll of vulnerability {unknown}
 g - a scroll of noise {unknown}
 h - 2 scrolls of poison {unknown}
 j - 5 scrolls of teleportation {unknown}
 k - a scroll of brand weapon {unknown}
 l - a scroll of amnesia {unknown}
 n - 2 scrolls of butterflies {unknown}
 o - a scroll of enchant weapon {unknown}
 q - a scroll of fear {unknown}
 r - 2 scrolls of blinking {unknown}
 u - a scroll of enchant armour {unknown}
Potions
 e - 3 potions of brilliance
 i - a potion of attraction {unknown}
 m - a potion of mutation {unknown}
 s - 2 potions of berserk rage
 t - 3 potions of haste
 v - a potion of curing
 w - 2 potions of cancellation {unknown}


   Skills:
 - Level 3.0 Fighting
 + Level 9.8 Ranged Weapons
 - Level 2.1 Dodging
 - Level 0.7 Stealth


You had 6 spell levels left.
You didn't know any spells.
Your spell library contained the following spells:

 Spells                   Type           Power      Damage    Failure   Level
 Poisonous Vapours        Pois/Air       0%         N/A       52%         2
 Frozen Ramparts          Ice            0%         1d1       75%         3
 Corpse Rot               Necr/Pois/Air  0%         N/A       98%         4
 Ice Form                 Ice/Tmut       0%         N/A       98%         4
 Orb of Destruction       Conj           0%         9d5       100%        7
 Summon Guardian Golem    Hex/Summ       Unusable   N/A       N/A         3
 Summon Ice Beast         Ice/Summ       Unusable   N/A       N/A         4
 Malign Gateway           Summ/Tloc      Unusable   N/A       N/A         7
 Spellforged Servitor     Conj/Summ      Unusable   N/A       N/A         7
 Summon Horrible Things   Summ           Unusable   N/A       N/A         8

Dungeon Overview and Level Annotations

Branches:
Dungeon (5/15)              Sewer (visited)
 Temple: D:4-7

Altars:
Okawaru
Qazlal
Ru
Wu Jian
Yredelemnul
The Shining One

Shops:
D:5 *


Innate Abilities, Weirdness & Mutations

You have a pair of horns on your head.
You reflexively headbutt those who attack you in melee.


Message History

The puff of frost hits you.
* * * LOW HITPOINT WARNING * * *
The orc wizard hits you with a +0 dagger.
* * * LOW HITPOINT WARNING * * *
It was a potion of brilliance.
You feel clever all of a sudden. The white imp gestures at you.
The puff of frost misses you. The orc priest barely misses you.
The orc wizard points at you and mumbles some strange words.
The magic dart hits you.
* * * LOW HITPOINT WARNING * * *
It was a potion of berserk rage.
A red film seems to cover your vision as you go berserk!
You feel yourself moving faster!
You feel mighty! The white imp misses you. You furiously retaliate!
You headbutt the white imp.
The orc priest hits you from afar with a +0 trident!
* * * LOW HITPOINT WARNING * * *
The orc wizard casts a spell at you. The magic dart hits you.
* * * LOW HITPOINT WARNING * * *
Unknown command.
Unknown command.
Unknown command.
Unknown command.
You are too berserk!
You are too berserk!
Really attack while wielding your +0 shortbow?
You clumsily bash the white imp.
Your headbutt misses the white imp.
The white imp is severely wounded.
The white imp hits you but does no damage.
The orc priest calls upon Beogh to heal the orc wizard.
The orc wizard is healed somewhat.
The orc wizard hits you but does no damage.
Unknown command.
You clumsily bash the white imp.
The white imp is almost dead.
The orc priest barely misses you. The white imp gestures at you.
The puff of frost hits you.
You die...

#...##.. #.##
..## ..# ##.#
.# ..# ###†.#
#..##.>.>##
#........#
#........## .
##........# .#
##.......##
#..#
#..o.@....#
...>
#...o5.....#
....
#..............
##..
...............
.......###.....
.)....# ....#
.).... ...[#
.....# ...#


You could see an orc priest, an orc wizard and a white imp.

Vanquished Creatures
  A black bear (D:5)
  An ogre (D:4)
  A scorpion (D:4)
  A necrophage (D:4)
  A howler monkey (D:5)
  A hound (D:4)
  2 iguanas
  An orc wizard (D:4)
  9 adders
  4 gnolls
  A river rat (D:4)
  An ufetubus (D:4)
  3 worms
  2 dart slugs
  11 orcs
  4 endoplasms
  4 giant cockroaches
  8 goblins
  4 hobgoblins
  3 quokkas
  15 ball pythons
  8 bats
  10 frilled lizards
  10 kobolds
  11 rats
117 creatures vanquished.

Vanquished Creatures (others)
  A plant (D:4)
1 creature vanquished.

Grand Total: 118 creatures vanquished

Notes
Turn   | Place    | Note
-------+----------+-------------------------------------------
     0 | D:1      | safid the Minotaur Hunter began the quest for the Orb.
     0 | D:1      | Reached XP level 1. HP: 18/18 MP: 0/0
    70 | D:1      | Reached XP level 2. HP: 25/26 MP: 1/1
   168 | D:1      | Reached skill level 5 in Ranged Weapons
   549 | D:1      | Reached XP level 3. HP: 31/31 MP: 2/2
  1358 | D:3      | Reached skill level 6 in Ranged Weapons
  1358 | D:3      | Reached XP level 4. HP: 15/38 MP: 3/3
  1620 | D:3      | Noticed a great orb of eyes
  1627 | D:3      | Noticed a shining eye
  1637 | D:3      | Found a faded altar of an unknown god.
  1640 | D:3      | Noticed a golden eye
  1640 | D:3      | Noticed a shining eye
  1948 | D:3      | Reached XP level 5. HP: 45/45 MP: 4/4
  1962 | D:3      | Found a stormy altar of Qazlal.
  2025 | D:3      | Reached skill level 7 in Ranged Weapons
  2326 | D:3      | Identified the ring of Ashenzari, Inviting {rN+ Str+5
                  | Int+6}
  2356 | D:3      | Found an iron altar of Okawaru.
  2785 | D:3      | Became a worshipper of Warmaster Okawaru
  3129 | D:4      | Noticed an ogre
  3136 | D:4      | Killed an ogre
  3137 | D:4      | Reached skill level 8 in Ranged Weapons
  3137 | D:4      | Reached XP level 6. HP: 50/51 MP: 5/5
  3167 | D:4      | Found a sacrificial altar of Ru.
  3208 | D:4      | Found an ornate altar of the Wu Jian Council.
  3274 | D:4      | Found a glowing golden altar of the Shining One.
  3316 | D:4      | Found a basalt altar of Yredelemnul.
  3479 | D:4      | Reached * piety under Okawaru
  3786 | D:5      | Entered Level 5 of the Dungeon
  3786 | D:5      | Found a glowing drain.
  3793 | D:5      | Reached skill level 9 in Ranged Weapons
  3807 | D:4      | Reached XP level 7. HP: 13/57 MP: 6/6
  4051 | D:5      | Found Foud's General Store.
  4058 | Sewer    | Entered a sewer
  4550 | D:5      | Bought a potion of haste for 120 gold pieces
  4550 | D:5      | Bought a potion of curing for 36 gold pieces
  4550 | D:5      | Bought a scroll of identify for 24 gold pieces
  4769 | D:5      | HP: 3/85 [orc wizard/magic dart (2)]
  4771 | D:5      | Killed from afar by a white imp

Illustrated notes

Levels and vault maps discovered:
D:1:      mushboom_english_gardens, layout_basic, minivault_19,
          dreamdust_mushroom_princess
D:2:      layout_loops_ring
D:3:      layout_basic, lemuel_coloured_pillars_altar,
          mainiacjoe_overflow_24_doors, hellmonk_ecumenical_altar_watching_god,
          minmay_fractal_squares_diagonal_5
D:4:      layout_rooms, mainiacjoe_overflow_six_doors_small, tso_oasis_becter,
          mainiacjoe_overflow_tiny_flanked, nicolae_wu_jian_wuxing_cycle
D:5:      layout_layer_cave, portal_sewer_entry_a, serial_shops,
          nicolae_shop_crystal, kennysheep_generic_room_7

Skill      XL: |  1  2  3  4  5  6 |
---------------+-------------------+-----
Fighting       | 3 |  3.0
Ranged Weapons | 5 6 8 9 |  9.8
Dodging        | |  2.1
Stealth        | |  0.7

Action                   |  1- 3 |  4- 6 |  7- 9 || total
-------------------------+-------+-------+-------++-------
Melee: Shortbow          |       |       |     2 ||     2
 Fire: Shortbow          |    98 |   162 |    80 ||   340
  Use: Potion            |       |       |     3 ||     3
Armor: Leather armour    |     6 |    15 |     8 ||    29
Dodge: Dodged            |    26 |    51 |    30 ||   107
